 Dungeon Crawl Stone Soup version 0.28-a0-1382-g92835e5c71 (webtiles) character file.

Game seed: 18364435627413063704

92 Cheeritup the Grave Robber (level 4, 0/26 HPs)
             Began as a Vampire Necromancer on Jan 1, 2022.
             Slain by a ball python (1 damage)
             ... in a sewer.
             The game lasted 00:10:21 (2836 turns).

Cheeritup the Grave Robber (Vampire Necromancer)    Turns: 2836, Time: 00:10:22

Health: 0/26       AC:  0    Str:  7    XL:     4   Next: 35%
Magic:  6/7        EV:  9    Int: 19    God:
Gold:   73         SH:  0    Dex: 14    Spells: 3/7 levels left

rFire   . . .      SeeInvis +   j - +0 short sword
rCold   + + .      Faith    .   (no shield)
rNeg    + + +      Spirit   .   (no armour)
rPois   ∞          Reflect  .   (no helmet)
rElec   .          Harm     .   (no cloak)
rCorr   .          Rampage  .   (no gloves)
Will    .....                   (no boots)
Stlth   +++.......              (no amulet)
HPRegen 0.00/turn               (no ring)
MPRegen 0.10/turn               (no ring)

@: bloodless, inhibited regen, constricted, very slow
A: bloodless, fangs 3, see invisible, vampiric 2
a: Bat Form, Revivify


You were in a sewer.
You visited 1 branch of the dungeon, and saw 3 of its levels.
You also visited: Sewer.

You collected 73 gold pieces.

Inventory:

Hand Weapons
 j - a +0 short sword (weapon)
Missiles
 d - 3 atropa-tipped darts
Armour
 a - a +0 robe
 k - a +0 ring mail
 m - the +0 robe "Rury" {rC+++ Int-2 Archmagi}
   (You found it on level 3 of the Dungeon)

   Int:       It affects your intelligence (-2).
   rC:        It renders you almost immune to cold.
   Archmagi:  It increases the power of your magical spells.
Wands
 l - a wand of flame (27)
Scrolls
 g - a scroll of fog {unknown}
 h - 2 scrolls of enchant weapon {unknown}
 i - a scroll of teleportation
Potions
 b - a potion of attraction {unknown}
 c - a potion of degeneration {unknown}
 e - a potion of invisibility
 f - a potion of heal wounds


   Skills:
 + Level 1.8 Fighting
 + Level 1.0 Short Blades
 - Level 2.1 Dodging
 + Level 4.6 Stealth
 - Level 2.0 Spellcasting
 + Level 5.1 Necromancy


You had 3 spell levels left.
You knew the following spells:

 Your Spells              Type           Power      Damage    Failure   Level
a - Pain                  Necr           84%        1d8       1%          1
b - Vampiric Draining     Necr           21%        2d7       6%          3

Your spell library contained the following spells:

 Spells                   Type           Power      Damage    Failure   Level
 Animate Skeleton         Necr           42%        N/A       1%          1
 Ensorcelled Hibernation  Hex/Ice        2%         N/A       26%         2
 Spider Form              Tmut/Pois      1%         N/A       45%         3
 Animate Dead             Necr           10%        N/A       21%         4
 Agony                    Necr           21%        N/A       50%         5


Dungeon Overview and Level Annotations

Branches:
Dungeon (3/15)              Sewer (1/1)

Altars:
Nemelex Xobeh
The Shining One


Innate Abilities, Weirdness & Mutations

You do not regenerate when monsters are visible.
You are frail without blood (-20% HP).
You can heal yourself when you bite living creatures.
You are immune to poison.
You have razor-sharp teeth.
You have supernaturally acute eyesight. (SInv)
You are afflicted with vampirism and can become a bat while bloodless.


Message History

The ball python bites you. The ball python grabs you.
The ball python constricts you. The ball python closely misses you.
The ball python constricts you.
You escape the ball python's grasp.
The ball python closely misses you. The ball python barely misses you.
Aiming: Pain (safe; 1% risk of failure)
Press: ? - help, Q - select action, (/) - cycle Shift-Dir - straight line, f - endoplasm
Aim: an endoplasm (chance to affect: 90%)
The endoplasm writhes in agony.
The ball python closely misses you. The ball python grabs you.
The ball python constricts you. The endoplasm closely misses you.
The ball python bites you. The ball python constricts you.
You escape the ball python's grasp.
Aiming: Pain (safe; 1% risk of failure)
Press: ? - help, Q - select action, (/) - cycle Shift-Dir - straight line, f/p - endoplasm
Aim: an endoplasm (chance to affect: 90%)
The endoplasm writhes in agony.
The ball python misses you. The ball python barely misses you.
The endoplasm hits you. The ball python barely misses you.
The ball python closely misses you. The ball python closely misses you.
The ball python misses you.
Your unstable footing causes you to fumble your attack.
The ball python bites you.
* * * LOW HITPOINT WARNING * * *
The ball python closely misses you.
Your unstable footing causes you to fumble your attack.
The ball python barely misses you. The ball python grabs you.
The ball python constricts you.
* * * LOW HITPOINT WARNING * * *
The ball python's grasp on you weakens, but your attempt to escape fails.
The ball python bites you.
* * * LOW HITPOINT WARNING * * *
The ball python constricts you.
* * * LOW HITPOINT WARNING * * *
You escape the ball python's grasp.
The ball python closely misses you. x2
The ball python misses you. The ball python grabs you.
The ball python constricts you.
* * * LOW HITPOINT WARNING * * *
The ball python bites you.
You die...

...##.........#
..............#
.....J.........
...P...........
........P......
.≈≈≈..≈≈≈≈..J..
..≈≈≈≈≈≈P≈P....
#####≈≈≈#################
≈≈≈≈≈≈≈≈≈≈≈JS@≈≈≈≈≈≈≈≈≈≈#
≈≈≈≈≈≈≈≈≈≈≈≈≈≈≈≈≈≈≈≈≈≈≈≈#
≈≈≈≈≈≈≈≈≈≈≈≈≈≈≈≈≈≈≈≈≈≈≈≈#
###########≈≈########'###
......≈≈≈≈≈.# #...#
......≈≈P≈..+ #.∩.#
............+ #.∩.#
............# #####
..........###


You could see an endoplasm and a ball python.

Vanquished Creatures
  5 adders
  3 dart slugs
  5 ball pythons
  5 bats
  An endoplasm (D:1)
  2 goblins (D:1)
  5 hobgoblins
  4 jackals (D:1)
  3 kobolds
  4 quokkas
  A frilled lizard (D:2)
  2 rats
40 creatures vanquished.

Notes
Turn   | Place    | Note
-------+----------+-------------------------------------------
     0 | D:1      | Cheeritup the Vampire Necromancer began the quest for the
                  | Orb.
     0 | D:1      | Reached XP level 1. HP: 13/13 MP: 3/3
   232 | D:1      | Reached XP level 2. HP: 19/20 MP: 0/5
   592 | D:1      | Reached skill level 1 in Fighting
   972 | D:1      | Gained mutation: You are afflicted with vampirism and can
                  | become a bat while bloodless. [Vampire growth]
   972 | D:1      | Reached XP level 3. HP: 6/20 MP: 4/6
  1441 | D:2      | Found a faded altar of an unknown god.
  1507 | D:2      | Learned a level 3 spell: Vampiric Draining
  1915 | D:2      | Reached skill level 5 in Necromancy
  2297 | D:3      | Found a sparkling altar of Nemelex Xobeh.
  2363 | D:3      | Reached XP level 4. HP: 21/26 MP: 7/7
  2364 | D:3      | Identified the +0 robe "Rury" {rC+++ Int-2 Archmagi}
  2558 | D:3      | Reached skill level 1 in Short Blades
  2572 | D:3      | Found a glowing drain.
  2576 | Sewer    | Entered a sewer
  2836 | Sewer    | HP: 1/26 [constriction (1)]
  2836 | Sewer    | Slain by a ball python

Illustrated notes

Levels and vault maps discovered:
D:1:      dpeg_arrival_rooms_with_view, layout_rooms
D:2:      layout_loops_ring, shapermc_ecumenical_altar_totnotflames
D:3:      layout_rooms, gammafunk_temple_overflow_wave, gup_sewer_entry_spiral,
          serial_glass, glass_columns_c, glass_columns_b, glass_columns_c
Sewer:    kennysheep_pipe_town

Skill      XL: |  1  2  3  4 |
---------------+-------------+-----
Fighting       | 1 |  1.8
Stealth        | 4 |  4.6
Necromancy     | 5 |  5.1
Short Blades   | 1 |  1.0
Dodging        | |  2.1
Spellcasting   | |  2.0

Action                   |  1- 3 |  4- 6 || total
-------------------------+-------+-------++-------
Melee: Unarmed           |     6 |       ||     6
       Bite              |     4 |     1 ||     5
       Dagger            |    16 |       ||    16
       Short sword       |    21 |    41 ||    62
 Cast: Pain              |    37 |    15 ||    52
 Abil: Exsanguinate      |     1 |       ||     1
  Use: Scroll            |     5 |       ||     5
 Stab: Sleeping          |     6 |       ||     6
Armor: Robe              |     8 |       ||     8
       Ring mail         |     4 |    15 ||    19
Dodge: Dodged            |    55 |    53 ||   108

Table legend: (Time is in decaauts)
 A = Elapsed time spent in this place.
 B = Non-inter-level travel time spent in this place.
 C = Inter-level travel time spent in this place.
 D = Time resting spent in this place.
 E = Time spent auto-exploring this place.
 F = Levels seen in this place.
 G = Mean time per level.
                   A        B        C        D        E       F      G
               +--------+--------+--------+--------+--------+-----+--------+
         Total |   2879 |   2819 |     60 |   1056 |   1026 |   4 |  719.8 |
       Dungeon |   2600 |   2540 |     60 |    848 |   1026 |   3 |  866.7 |
         Sewer |    278 |    278 |      0 |    208 |      0 |   1 |  278.0 |
               +--------+--------+--------+--------+--------+-----+--------+

Top non-repeatable levels by time:
     D:2: 1107 daAuts
     D:1: 1103 daAuts
     D:3: 389 daAuts
   Sewer: 278 daAuts
